 Dungeon Crawl Stone Soup version 0.20.1-1-g8b1a95d (webtiles) character file.

32 xXlolmanXx the Skirmisher (level 3, 0/40 HPs)
             Began as an Ogre Berserker on Sept 7, 2017.
             Was a Follower of Trog.
             Succumbed to a worker ant's poison
             ... on level 3 of the Dungeon on Sept 29, 2017.
             The game lasted 00:15:23 (1524 turns).

xXlolmanXx the Skirmisher (Ogre Berserker)          Turns: 1524, Time: 00:15:24

Health: 0/40       AC:  3    Str: 21 (22) XL:     3   Next: 25%
Magic:  3/3        EV: 10    Int:  7 (8)  God:    Trog [*.....]
Gold:   80         SH:  0    Dex:  7 (8)  Spells: 2/2 levels left

rFire    + . .     SeeInvis .   e - +0 hand axe
rCold    x . .     Gourm    .   (no shield)
rNeg     . . .     Faith    .   b - +0 animal skin
rPois    .         Spirit   .   (helmet restricted)
rElec    .         Reflect  .   (no cloak)
rCorr    +         Harm     .   (gloves unavailable)
MR       .....                  (boots unavailable)
Stlth    +.........             (no amulet)
Regen    0.2/turn               g - ring of fire
MPRegen  0.1/turn               k - ring of resist corrosion

@: lethally poisoned (0 -> -21)
A: unfitting armour, tough skin 1
a: Berserk, Burn Spellbooks, Renounce Religion


You were on level 3 of the Dungeon.
You worshipped Trog.
Trog was aware of your devotion.
You were not hungry.

You visited 1 branch of the dungeon, and saw 3 of its levels.

You collected 80 gold pieces.

Inventory:

Hand Weapons
 e - a +0 hand axe (weapon)
Missiles
 h - 31 stones (quivered)
Armour
 b - a +0 animal skin (worn)
Jewellery
 g - a ring of fire (left hand)
 k - a ring of resist corrosion (right hand)
Comestibles
 c - 2 bread rations
 f - 2 meat rations


   Skills:
 + Level 4.5 Fighting
   Level 3.5 Polearms
 + Level 3.1 Dodging
 + Level 0.1 Stealth


You had 2 spell levels left.
You didn't know any spells.

Dungeon Overview and Level Annotations

Branches:
Dungeon (3/15)

Altars:
Dithmenos
Fedhas
Gozag
Hepliaklqana
Makhleb
Okawaru
Qazlal
Vehumet


Innate Abilities, Weirdness & Mutations

You are too large for most types of armour.
You have tough skin. (AC +1)


Message History

You hit the worker ant but do no damage.
You feel sick. The worker ant bites you.
* * * LOW HITPOINT WARNING * * *
You are more poisoned.
The worker ant poisons you! The quokka misses you.
Okay, then.
You closely miss the quokka.
The quokka is severely wounded.
You barely miss the worker ant.
* * * LOW HITPOINT WARNING * * *
You feel sick.
The hobgoblin seems to regain its courage.
The worker ant closely misses you. The quokka closely misses you.
The worker ant bites you!
* * * LOW HITPOINT WARNING * * *
The quokka misses you.
You closely miss the quokka.
The quokka is severely wounded.
You hit the worker ant.
You die...

#.. #. #..........#
#.##. #.._..⌠.._.#
..#.###..........#
....####._..._..# ..
#..# ##..._....#
....###.###..#...##.#
................#.##.#
....####r########.##.#
.....ga@.# #..#.#
.....##### ##.#.# ...
#.#<# . #.#.# #...#
#####


You could see a worker ant, a quokka and a hobgoblin.

Vanquished Creatures
  A worm (D:2)
  3 leopard geckos
  A giant cockroach (D:2)
  4 hobgoblins
  4 jackals (D:2)
  5 bats
  2 kobolds
  4 rats
24 creatures vanquished.

Notes
Turn   | Place    | Note
-------+----------+-------------------------------------------
     0 | D:1      | xXlolmanXx the Ogre Berserker began the quest for the Orb.
     0 | D:1      | Reached XP level 1. HP: 24/24 MP: 1/1
   357 | D:1      | Reached XP level 2. HP: 16/32 MP: 2/2
  1069 | D:2      | Found a radiant altar of Vehumet.
  1110 | D:2      | Reached XP level 3. HP: 40/40 MP: 3/3
  1447 | D:3      | Found a stormy altar of Qazlal.
  1451 | D:3      | Found a burning altar of Makhleb.
  1451 | D:3      | Found an iron altar of Okawaru.
  1452 | D:3      | Found a shadowy altar of Dithmenos.
  1453 | D:3      | Found an opulent altar of Gozag.
  1453 | D:3      | Found a blossoming altar of Fedhas.
  1455 | D:3      | Found a hazy altar of Hepliaklqana.
  1523 | D:3      | HP: 2/40 [worker ant (7)]
  1524 | D:3      | Succumbed to a worker ant's poison

Skill      XL: |  1  2 |
---------------+-------+-----
Dodging        | 3 |  3.1
Fighting       | |  4.5
Polearms       | |  3.5
Stealth        | |  0.1

Action                   || total
-------------------------++-------
Melee: Spear             ||    81
       Hand axe          ||    11
Throw: Stone             ||    35
  Use: Potion            ||     4
       Scroll            ||     3
  Eat: Chunk             ||     2
Armor: Animal skin       ||    35
Dodge: Dodged            ||    59
